 Dungeon Crawl Stone Soup version 0.27.0-1-g7a089689b8 (webtiles) character file.

Game seed: 11333667253299232431

34 tylerjbraun the Vexing (level 3, 0/20 HPs)
             Began as a Deep Elf Arcane Marksman on Aug 14, 2021.
             Was a Follower of Ashenzari.
             Succumbed to an adder's poison
             ... on level 1 of the Dungeon.
             The game lasted 00:13:54 (1112 turns).

tylerjbraun the Vexing (Deep Elf Arcane Marksman)   Turns: 1112, Time: 00:13:55

Health: 0/20       AC:  2    Str:  7    XL:     3   Next: 14%
Magic:  7/7        EV: 13    Int: 17    God:    Ashenzari [*.....]
Gold:   22         SH:  0    Dex: 16    Spells: 4/5 levels left

rFire    . . .     SeeInvis .   a - +0 shortbow of Ashenzari's Fetters {Range, Cun} (curse)
rCold    + . .     Faith    .   (shield currently unavailable)
rNeg     . . .     Spirit   .   d - +0 robe
rPois    .         Reflect  .   (no helmet)
rElec    .         Harm     .   (no cloak)
rCorr    .         Rampage  .   (no gloves)
Will     .....                  (no boots)
Stlth    ++........             (no amulet)
HPRegen  0.06/turn              f - ring of flight
MPRegen  0.10/turn              i - ring of protection from cold

@: lethally poisoned (0 -> -3), flying
A: no striking features
a: Renounce Religion, Shatter the Chains


You were on level 1 of the Dungeon.
You worshipped Ashenzari.
Ashenzari was aware of your devotion.
You visited 1 branch of the dungeon, and saw 2 of its levels.

You collected 22 gold pieces.

Inventory:

Hand Weapons
 a - the cursed +0 shortbow of Ashenzari's Fetters (weapon) {Range, Cun}

   It has a curse which improves the following skills: Ranged Combat: Slings,
   Bows, Crossbows and Throwing.
   Cunning:   Dodging and Stealth.
Missiles
 c - 3 arrows (quivered ammo)
Armour
 d - a +0 robe (worn)
 h - a +0 robe
Jewellery
 f - a ring of flight (left hand)
 g - a ring of ice
 i - a ring of protection from cold (right hand)
Scrolls
 e - a scroll of blinking
Potions
 b - a potion of curing


   Skills:
 + Level 1.1 Fighting
 + Level 3.6(4.5) Bows
 + Level 2.5(3.4) Dodging
 * Level 1.1(1.8) Stealth
 + Level 1.5 Spellcasting
 + Level 4.6 Hexes


You had 4 spell levels left.
You knew the following spells:

 Your Spells              Type           Power      Damage    Failure   Level
a - Corona                Hex            17%        N/A       3%          1

Your spell library contained the following spells:

 Spells                   Type           Power      Damage    Failure   Level
 Slow                     Hex            16%        N/A       4%          2
 Inner Flame              Hex/Fire       9%         N/A       24%         3
 Portal Projectile        Hex/Tloc       18%        N/A       24%         3
 Cause Fear               Hex            8%         N/A       30%         4


Dungeon Overview and Level Annotations

Branches:
Dungeon (2/15)

Altars:
Ashenzari

Shops:
D:1 ?


Message History

You shoot an arrow. The arrow barely misses the adder.
You feel sick. The adder bites you. The adder completely misses you.
You clumsily bash the adder but do no damage.
You feel very sick. The adder barely misses you. The adder bites you.
* * * LOW HITPOINT WARNING * * *
You feel better. The adder barely misses you.
You closely miss the adder. The adder closely misses you. The adder bites you.
You barely miss the adder. The adder barely misses you. The adder misses you.
You clumsily bash the adder but do no damage.
The adder closely misses you.
A hobgoblin comes into view.
The adder closely misses you.
You barely miss the adder. The adder barely misses you.
The adder completely misses you. The adder misses you.
Found a +0 ring mail.
You reach down and open the door.
The adder bites you. The adder bites you but does no damage.
There is an open door here.
The adder barely misses you.
There is a stone staircase leading up here.
The adder misses you. The adder closely misses you.
You fly upwards.
There is a stone staircase leading down here.
The adder bites you. The adder barely misses you. The adder barely misses you.
There is a large open door here.
The adder bites you.
* * * LOW HITPOINT WARNING * * *
The adder bites you.
* * * LOW HITPOINT WARNING * * *
You are lethally poisoned!
The adder poisons you!
* * * LOW HITPOINT WARNING * * *
You feel sick.
* * * LOW HITPOINT WARNING * * *
You feel sick. The adder barely misses you.
You die...

...........##≈≈≈≈≈≈.≈##.##...##
...........##PPP≈≈≈≈.##.####.#
....#.......#≈P≈≈≈≈.###.# #.#
............#≈≈≈≈≈.###..# #.#
............#≈≈≈≈≈.####.# #.#
.†.........##≈≈≈≈≈≈.##..####.####
....#.....###≈PP≈≈≈≈.#...........
....##...## #.≈≈≈≈≈.##...........
########## #P.≈@≈.###....#######
#..≈≈..# #....####### ###########
#P≈≈S.P###..#......##
..........###..≈....##...........
...........##..≈≈.♣.######.......
............#.......##.........##
............####''########.......
............####...............##
).................#############..


You could see an adder.

Vanquished Creatures
  A dart slug (D:1)
  4 ball pythons
  3 bats (D:1)
  5 endoplasms
  2 giant cockroaches (D:1)
  A goblin (D:1)
  2 hobgoblins (D:1)
  A quokka (D:1)
  4 frilled lizards (D:1)
  5 kobolds
  2 rats (D:1)
30 creatures vanquished.

Notes
Turn   | Place    | Note
-------+----------+-------------------------------------------
     0 | D:1      | tylerjbraun the Deep Elf Arcane Marksman began the quest
                  | for the Orb.
     0 | D:1      | Reached XP level 1. HP: 11/11 MP: 5/5
   325 | D:1      | Reached skill level 1 in Fighting
   395 | D:1      | Reached XP level 2. HP: 16/16 MP: 6/6
   533 | D:1      | Found a faded altar of an unknown god.
   539 | D:1      | Became a worshipper of Ashenzari the Shackled
   545 | D:1      | Reached * piety under Ashenzari
   584 | D:1      | Found Yllyuts's Magic Scroll Shop.
   939 | D:1      | Reached skill level 1 in Stealth
   939 | D:1      | Reached XP level 3. HP: 20/20 MP: 7/7
  1111 | D:1      | HP: 1/20 [poisoned by an adder]
  1112 | D:1      | Succumbed to an adder's poison

Illustrated notes

Levels and vault maps discovered:
D:1:      lightli_arrival_windingriver, layout_rooms,
          shapermc_ecumenical_altar_venn, serial_shops,
          nicolae_shop_window_shopping, hangedman_glass_teeth,
          chequers_serial_rivers_small_3
D:2:      layout_basic

Skill      XL: |  1  2 |
---------------+-------+-----
Fighting       | 1 |  1.1
Bows           | 3 |  3.6
Stealth        | 1 |  1.1
Dodging        | |  2.5
Spellcasting   | |  1.5
Hexes          | |  4.6

Action                   || total
-------------------------++-------
Melee: Short sword       ||     3
       Shortbow          ||    21
 Fire: Shortbow          ||    83
Invok: Curse Item        ||     1
  Use: Scroll            ||     1
       Potion            ||     1
Armor: Robe              ||    10
Dodge: Dodged            ||    44
